 Dungeon Crawl Stone Soup version 0.29.1-12-g30fa7ad0bf (webtiles) character file.

Game seed: 9333507258713994219

10 wormed the Trooper (level 2, -1/19 HPs)
             Began as a Gargoyle Fighter on Dec 21, 2022.
             Frozen to death by an endoplasm (4 damage)
             ... on level 1 of the Dungeon.
             The game lasted 00:00:29 (165 turns).

wormed the Trooper (Gargoyle Fighter)                Turns: 165, Time: 00:00:30

Health: -1/19      AC:  9    Str: 19    XL:     2   Next: 20%
Magic:  2/2        EV:  6    Int:  8    God:
Gold:   5          SH:  4    Dex:  9    Spells: 1/1 levels left

rFire   . . .      SeeInvis .   a - +0 flail
rCold   . . .      Faith    .   c - +0 buckler
rNeg    + . .      Spirit   .   b - +0 scale mail
rPois   ∞          Reflect  .   (no helmet)
rElec   +          Harm     .   (no cloak)
rCorr   .          Rampage  .   (no gloves)
Will    .....                   (no boots)
Stlth   ..........              (no amulet)
HPRegen 0.06/turn               (no ring)
MPRegen 0.08/turn               (no ring)

@: constricted
A: sickness immunity, AC +2, negative energy resistance 1, electricity
resistance, torment resistance 1, petrification resistance
a: no special abilities


You were on level 1 of the Dungeon.
You visited 1 branch of the dungeon, and saw 1 of its levels.

You collected 5 gold pieces.

Inventory:

Hand Weapons
 a - a +0 flail (weapon)
Armour
 b - a +0 scale mail (worn)
 c - a +0 buckler (worn)
Scrolls
 e - a scroll of identify {unknown}
Potions
 d - a potion of might


   Skills:
 + Level 3.4 Fighting
 * Level 2.3 Maces & Flails
 + Level 3.4 Armour
 + Level 3.4 Shields


You had one spell level left.
You didn't know any spells.
Your spell library was empty.

Dungeon Overview and Level Annotations

Branches:
Dungeon (1/15)

Altars:


Innate Abilities, Weirdness & Mutations

You are immune to sickness and miasma.
Your stone body is resilient. (AC +2)
You are immune to poison.
You resist negative energy. (rN+)
You are resistant to electric shocks. (rElec)
You are resistant to unholy torment.
You are immune to petrification.


Message History

No target in view!
No target in view!
No target in view!
No target in view!
No target in view!
No target in view!
A ball python comes into view.
Found 14 gold pieces and a leather armour.
The ball python hisses angrily.
A ball python is nearby!
An endoplasm comes into view.
Found 5 gold pieces.
The endoplasm hits you. The ball python barely misses you.
The ball python closely misses you.
You barely miss the ball python. The endoplasm freezes you.
You are frozen.
You block the ball python's attack. x2
The endoplasm freezes you.
You are frozen.
The ball python bites you. The ball python grabs you.
The ball python constricts you.
You closely miss the ball python.
The ball python bites you but does no damage.
The ball python constricts you.
The endoplasm hits you but does no damage.
You closely miss the ball python. The ball python barely misses you.
The ball python constricts you.
The endoplasm hits you but does no damage.
The ball python bites you but does no damage.
The ball python constricts you.
The ball python's grasp on you weakens, but your attempt to escape fails.
The endoplasm freezes you.
You are frozen.
* * * LOW HITPOINT WARNING * * *
The ball python bites you but does no damage.
The ball python constricts you.
You hit the endoplasm.
The endoplasm is heavily wounded.
The endoplasm freezes you.
You are frozen.
You die...

##### #### #...# ...#
#########.#.. # ...#
#...>##...#.####..
...####.....#.#.#.$.....
#....##.......#.#J.[#
####.......#.#..@S?.# #
####........####.# #
#....##>.... ###
##....#####...
..###......# ...
#..#..#...... ..
.............. ...
.....#####.#### ...
..##..### .#


You could see an endoplasm and a ball python.

Vanquished Creatures
  An endoplasm (D:1)
  4 jackals (D:1)
  2 quokkas (D:1)
  A rat (D:1)
8 creatures vanquished.

Notes
Turn   | Place    | Note
-------+----------+-------------------------------------------
     0 | D:1      | wormed the Gargoyle Fighter began the quest for the Orb.
     0 | D:1      | Reached XP level 1. HP: 14/14 MP: 1/1
    48 | D:1      | Reached XP level 2. HP: 16/19 MP: 2/2
   165 | D:1      | Frozen to death by an endoplasm

Illustrated notes

Levels and vault maps discovered:
D:1:      psy_arrival_basics, layout_rooms, hangedman_decor_opposing,
          minmay_tetromino_i4

Action                   || total
-------------------------++-------
Melee: Flail             ||    23
Armor: Scale mail        ||    10
Dodge: Dodged            ||    17
Block: Buckler           ||     5
